Workbook
Name EMPRESAS: OFFSET(#REF!,1,0):OFFSET(#REF!,-1,0)
Name TipoOrçamento: "BASE"

Sheet Orçamento - Nathaniel
A1: M2CR CONSTRUTORA E SERVIÇOS LTDA
A2: Rua Antonio Bonetto, 49, Desvio Rizzo, Caxias do Sul - RS
A3: CEP 95110-535 - Fone 54 3451 1132 - CNPJ 48.576.740/0001-05
A4: E-mail: financeiro.rmj@gmail.com
A6: OBRA: | B6: EXECUÇÃO DE REFORÇO SOBRE GABIÕES E BASE (META 07)
I7: =N8 -> 0.2473
A8: PLANILHA ORÇAMENTÁRIA | M8: BDI | N8: ='BDI SERVIÇOS'!D24 -> 0.2473
A10: Item | B10: Código | C10: Banco | D10: Descrição | E10: und | F10: Quant. | G10: Valor Unit | H10: Valor Unit com BDI | K10: Total | N10: Peso (%)
H11: M. O. | I11: MAT. | J11: Total | K11: M. O. | L11: MAT. | M11: Total
A12: 1 | D12: SERVIÇOS TÉCNICOS | K12: =K13 -> 31232.392 | L12: =L13 -> 7808.098 | M12: =M13 -> 39040.49 | N12: =+M12/$M$63 -> 0.11077221
A13: 1.1 | B13: 542 | C13: Próprio | D13: ADMINISTRAÇÃO DE OBRA/MÊS | E13: mês | F13: 6 | G13: =Composições!H18 -> 5216.6667 | H13: =J13*0.8 -> 5205.3987 | I13: =J13*0.2 -> 1301.3497 | J13: =G13*$I$7+G13 -> 6506.7483 | K13: =H13*F13 -> 31232.392 | L13: =I13*F13 -> 7808.098 | M13: =K13+L13 -> 39040.49 | N13: =+M13/$M$63 -> 0.11077221
A14: 2 | D14: SERVIÇOS INICIAIS | K14: =SUM(K15:K20) -> 6209.7534 | L14: =SUM(L15:L20) -> 24839.014 | M14: =SUM(M15:M20) -> 31048.767 | N14: =+M14/$M$63 -> 0.088096757
A15: 2.1 | B15: composição própria | C15: Próprio | D15: MOBILIZAÇÃO CANTEIRO DE OBRAS | E15: VB | F15: 1 | G15: =Composições!H26 -> 2999 | H15: =J15*0.2 -> 748.13054 | I15: =J15*0.8 -> 2992.5222 | J15: =G15*$I$7+G15 -> 3740.6527 | K15: =H15*F15 -> 748.13054 | L15: =I15*F15 -> 2992.5222 | M15: =K15+L15 -> 3740.6527 | N15: =+M15/$M$63 -> 0.010613606
A16: 2.2 | B16: 10779 | C16: SINAPI | D16: LOCACAO DE CONTAINER 2,30 X 4,30 M, ALT. 2,50 M, P/ SANITARIO, C/ 5 BACIAS, 1 LAVATORIO E 4 MICTORIOS (NAO INCLUI MOBILIZACAO/DESMOBILIZACAO) | E16: mês | F16: 6 | G16: 1375 | H16: =J16*0.2 -> 343.0075 | I16: =J16*0.8 -> 1372.03 | J16: =G16*$I$7+G16 -> 1715.0375 | K16: =H16*F16 -> 2058.045 | L16: =I16*F16 -> 8232.18 | M16: =K16+L16 -> 10290.225 | N16: =+M16/$M$63 -> 0.029197148
A17: 2.3 | B17: 10776 | C17: SINAPI | D17: LOCACAO DE CONTAINER 2,30 X 6,00 M, ALT. 2,50 M, PARA ESCRITORIO, SEM DIVISORIAS INTERNAS E SEM SANITARIO (NAO INCLUI MOBILIZACAO/DESMOBILIZACAO) | E17: mês | F17: 6 | G17: 859.37 | H17: =J17*0.2 -> 214.37844 | I17: =J17*0.8 -> 857.51376 | J17: =G17*$I$7+G17 -> 1071.8922 | K17: =H17*F17 -> 1286.2706 | L17: =I17*F17 -> 5145.0826 | M17: =K17+L17 -> 6431.3532 | N17: =+M17/$M$63 -> 0.018248111
A18: 2.4 | B18: 101505 | C18: SINAPI | D18: ENTRADA DE ENERGIA ELÉTRICA, AÉREA, TRIFÁSICA, COM CAIXA DE SOBREPOR,CABO DE 10 MM2 E DISJUNTOR DIN 50A (NÃO INCLUSO O POSTE DE CONCRETO).AF_07/2020_PS | E18: UND | F18: 1 | G18: 1800.61 | H18: =J18*0.2 -> 449.18017 | I18: =J18*0.8 -> 1796.7207 | J18: =G18*$I$7+G18 -> 2245.9009 | K18: =H18*F18 -> 449.18017 | L18: =I18*F18 -> 1796.7207 | M18: =K18+L18 -> 2245.9009 | N18: =+M18/$M$63 -> 0.0063724457
A19: 2.5 | B19: 99059 | C19: SINAPI | D19: LOCACAO CONVENCIONAL DE OBRA, UTILIZANDO GABARITO DE TÁBUAS CORRIDAS PONTALETADAS A CADA 2,00M - 2 UTILIZAÇÕES. AF_10/2018 | E19: m | F19: =(40*2+5.05*2)*1.05 -> 94.605 | G19: 56.75 | H19: =J19*0.2 -> 14.156855 | I19: =J19*0.8 -> 56.62742 | J19: =G19*$I$7+G19 -> 70.784275 | K19: =H19*F19 -> 1339.3093 | L19: =I19*F19 -> 5357.2371 | M19: =K19+L19 -> 6696.5463 | N19: =+M19/$M$63 -> 0.019000562
A20: 2.6 | B20: 103689 | C20: SINAPI | D20: PLACA DE OBRA EM CHAPA DE AÇO GALVANIZADO | E20: m2 | F20: =1.2*2.4 -> 2.88 | G20: 457.68 | H20: =J20*0.2 -> 114.17285 | I20: =J20*0.8 -> 456.69141 | J20: =G20*$I$7+G20 -> 570.86426 | K20: =H20*F20 -> 328.81782 | L20: =I20*F20 -> 1315.2713 | M20: =K20+L20 -> 1644.0891 | N20: =+M20/$M$63 -> 0.0046648846
A21: 3 | D21: ENSECADEIRA - INSTALAÇÃO | K21: =SUM(K22:K25) -> 10245.751 | L21: =SUM(L22:L25) -> 40983.005 | M21: =SUM(M22:M25) -> 51228.756 | N21: =+M21/$M$63 -> 0.1453548
A22: 3.1 | B22: 89272 | C22: SINAPI | D22: GUINDASTE HIDRÁULICO AUTOPROPELIDO, COM LANÇA TELESCÓPICA 28,80 M, CAPACIDADE MÁXIMA 30 T, POTÊNCIA 97 KW, TRAÇÃO 4 X 4 - CHP DIURNO. AF_11/2014 | E22: H | F22: =(40+5*2) -> 50 | G22: 236.54 | H22: =J22*0.2 -> 59.007268 | I22: =J22*0.8 -> 236.02907 | J22: =G22*$I$7+G22 -> 295.03634 | K22: =H22*F22 -> 2950.3634 | L22: =I22*F22 -> 11801.454 | M22: =K22+L22 -> 14751.817 | N22: =+M22/$M$63 -> 0.041856324
A23: 3.2 | B23: 4730 | C23: SINAPI | D23: FORNECIMENTO DE PEDRA DETONADA PARA EXECUÇÃO DA ENSECADEIRA | E23: m3 | F23: 200 | G23: 87.29 | H23: =J23*0.2 -> 21.775363 | I23: =J23*0.8 -> 87.101454 | J23: =G23*$I$7+G23 -> 108.87682 | K23: =H23*F23 -> 4355.0727 | L23: =I23*F23 -> 17420.291 | M23: =K23+L23 -> 21775.363 | N23: =+M23/$M$63 -> 0.061784705
A24: 3.3 | B24: 97916 | C24: SINAPI | D24: TRANSPORTE COM CAMINHÃO BASCULANTE DE 6 M³, EM VIA URBANA EM LEITO NATURAL (UNIDADE: M3XKM). AF_07/2020 | E24: M3XKM | F24: =(F23)*1.3*2.5 -> 650 | G24: 2.64 | H24: =J24*0.2 -> 0.6585744 | I24: =J24*0.8 -> 2.6342976 | J24: =G24*$I$7+G24 -> 3.292872 | K24: =H24*F24 -> 428.07336 | L24: =I24*F24 -> 1712.2934 | M24: =K24+L24 -> 2140.3668 | N24: =+M24/$M$63 -> 0.0060730068
A25: 3.4 | B25: 104482 | C25: SINAPI | D25: ESGOTAMENTO DE VALA COM BOMBA SUBMERSÍVEL. AF_12/2022 ( 3 BOMBAS) | E25: H | F25: =44*8 -> 352 | G25: 28.61 | H25: =J25*0.2 -> 7.1370506 | I25: =J25*0.8 -> 28.548202 | J25: =G25*$I$7+G25 -> 35.685253 | K25: =H25*F25 -> 2512.2418 | L25: =I25*F25 -> 10048.967 | M25: =K25+L25 -> 12561.209 | N25: =+M25/$M$63 -> 0.035640764
A26: 4 | D26: ENSECADEIRA - REMOÇÃO | K26: =SUM(K27:K28) -> 3378.4368 | L26: =SUM(L27:L28) -> 13513.747 | M26: =SUM(M27:M28) -> 16892.184 | N26: =+M26/$M$63 -> 0.047929331
A27: 4.1 | B27: 89272 | C27: SINAPI | D27: GUINDASTE HIDRÁULICO AUTOPROPELIDO, COM LANÇA TELESCÓPICA 28,80 M, CAPACIDADE MÁXIMA 30 T, POTÊNCIA 97 KW, TRAÇÃO 4 X 4 - CHP DIURNO. AF_11/2014 | E27: H | F27: =(40+5*2) -> 50 | G27: 236.54 | H27: =J27*0.2 -> 59.007268 | I27: =J27*0.8 -> 236.02907 | J27: =G27*$I$7+G27 -> 295.03634 | K27: =H27*F27 -> 2950.3634 | L27: =I27*F27 -> 11801.454 | M27: =K27+L27 -> 14751.817 | N27: =+M27/$M$63 -> 0.041856324
A28: 4.2 | B28: 97916 | C28: SINAPI | D28: TRANSPORTE COM CAMINHÃO BASCULANTE DE 6 M³, EM VIA URBANA EM LEITO NATURAL (UNIDADE: M3XKM). AF_07/2020 | E28: M3XKM | F28: =(F23)*1.3*2.5 -> 650 | G28: 2.64 | H28: =J28*0.2 -> 0.6585744 | I28: =J28*0.8 -> 2.6342976 | J28: =G28*$I$7+G28 -> 3.292872 | K28: =H28*F28 -> 428.07336 | L28: =I28*F28 -> 1712.2934 | M28: =K28+L28 -> 2140.3668 | N28: =+M28/$M$63 -> 0.0060730068
A29: 5 | D29: BASE INFRAESTRUTURA | K29: =SUM(K30:K33) -> 9503.477 | L29: =SUM(L30:L33) -> 38013.908 | M29: =SUM(M30:M33) -> 47517.385 | N29: =+M29/$M$63 -> 0.13482428
A30: 5.1 | B30: 96520 | C30: SINAPI | D30: ESCAVAÇÃO MECANIZADA PARA BLOCO DE COROAMENTO OU SAPATA COM RETROESCAVADEIRA (SEM ESCAVAÇÃO PARA COLOCAÇÃO DE FÔRMAS). AF_01/2024 | E30: M³ | F30: =F19 -> 94.605 | G30: 91.09 | H30: =J30*0.2 -> 22.723311 | I30: =J30*0.8 -> 90.893246 | J30: =G30*$I$7+G30 -> 113.61656 | K30: =H30*F30 -> 2149.7389 | L30: =I30*F30 -> 8598.9555 | M30: =K30+L30 -> 10748.694 | N30: =+M30/$M$63 -> 0.030497994
A31: 5.2 | B31: 9395 | C31: SINAPI/Próprio | D31: EXECUÇÃO DE CHUMBADOR - PERFURAÇÃO EQUIPAMENTO MANUAL E ARAMADURA DIÂMETRO 16 + CHUMBADOR QUÍMICO | E31: M | F31: =((2.5/0.5*20/0.5))*0.4 -> 80 | G31: =G35 -> 127.41408 | H31: =J31*0.2 -> 31.784716 | I31: =J31*0.8 -> 127.13887 | J31: =G31*$I$7+G31 -> 158.92358 | K31: =H31*F31 -> 2542.7773 | L31: =I31*F31 -> 10171.109 | M31: =K31+L31 -> 12713.887 | N31: =+M31/$M$63 -> 0.036073966
A32: 5.3 | B32: 96529 | C32: SINAPI | D32: FABRICAÇÃO, MONTAGEM E DESMONTAGEM DE FÔRMA PARA SAPATA, EM MADEIRA SERRADA, E=25 MM, 1 UTILIZAÇÃO. AF_06/2017 | E32: M2 | F32: =20*1.5 -> 30 | G32: 242.37 | H32: =J32*0.2 -> 60.46162 | I32: =J32*0.8 -> 241.84648 | J32: =G32*$I$7+G32 -> 302.3081 | K32: =H32*F32 -> 1813.8486 | L32: =I32*F32 -> 7255.3944 | M32: =K32+L32 -> 9069.243 | N32: =+M32/$M$63 -> 0.025732774
A33: 5.4 | B33: 96558 | C33: SINAPI | D33: CONCRETAGEM DE SAPATAS, FCK 30 MPA, COM USO DE BOMBA  LANÇAMENTO, ADENSAMENTO E ACABAMENTO. AF_11/2016 | E33: M3 | F33: =20*0.75 -> 15 | G33: 800.96 | H33: =J33*0.2 -> 199.80748 | I33: =J33*0.8 -> 799.22993 | J33: =G33*$I$7+G33 -> 999.03741 | K33: =H33*F33 -> 2997.1122 | L33: =I33*F33 -> 11988.449 | M33: =K33+L33 -> 14985.561 | N33: =+M33/$M$63 -> 0.042519541
A34: 6 | D34: CONTENÇÃO COM TIRANTES | K34: =SUM(K35:K43) -> 12102.793 | L34: =SUM(L35:L43) -> 48411.171 | M34: =SUM(M35:M43) -> 60513.963 | N34: =+M34/$M$63 -> 0.17170034
A35: 6.1 | B35: 9395 | C35: SINAPI/Próprio | D35: EXECUÇÃO DE CHUMBADOR - PERFURAÇÃO EQUIPAMENTO MANUAL E ARAMADURA DIÂMETRO 16 + CHUMBADOR QUÍMICO | E35: M | F35: =12*6*0.4 -> 28.8 | G35: =Composições!H51 -> 127.41408 | H35: =J35*0.2 -> 31.784716 | I35: =J35*0.8 -> 127.13887 | J35: =G35*$I$7+G35 -> 158.92358 | K35: =H35*F35 -> 915.39983 | L35: =I35*F35 -> 3661.5993 | M35: =K35+L35 -> 4576.9992 | N35: =+M35/$M$63 -> 0.012986628
A36: 6.2 | B36: 92759 | C36: SINAPI | D36: ARMAÇÃO DE PILAR OU VIGA DE ESTRUTURA CONVENCIONAL DE CONCRETO ARMADO UTILIZANDO AÇO CA-60 DE 5,0 MM - MONTAGEM. AF_06/2022 | E36: KG | F36: =94.8+4.4 -> 99.2 | G36: 14.27 | H36: =J36*0.2 -> 3.5597942 | I36: =J36*0.8 -> 14.239177 | J36: =G36*$I$7+G36 -> 17.798971 | K36: =H36*F36 -> 353.13158 | L36: =I36*F36 -> 1412.5263 | M36: =K36+L36 -> 1765.6579 | N36: =+M36/$M$63 -> 0.0050098201
A37: 6.3 | B37: 92760 | C37: SINAPI | D37: ARMAÇÃO DE PILAR OU VIGA DE ESTRUTURA CONVENCIONAL DE CONCRETO ARMADO UTILIZANDO AÇO CA-50 DE 6,3 MM - MONTAGEM. AF_06/2022 | E37: KG | F37: =21.1+0.6 -> 21.7 | G37: 13.63 | H37: =J37*0.2 -> 3.4001398 | I37: =J37*0.8 -> 13.600559 | J37: =G37*$I$7+G37 -> 17.000699 | K37: =H37*F37 -> 73.783034 | L37: =I37*F37 -> 295.13213 | M37: =K37+L37 -> 368.91517 | N37: =+M37/$M$63 -> 0.0010467478
A38: 6.4 | B38: 92761 | C38: SINAPI | D38: ARMAÇÃO DE PILAR OU VIGA DE ESTRUTURA CONVENCIONAL DE CONCRETO ARMADO UTILIZANDO AÇO CA-50 DE 8,0 MM - MONTAGEM. AF_06/2022 | E38: KG | F38: =110.7 -> 110.7 | G38: 12.93 | H38: =J38*0.2 -> 3.2255178 | I38: =J38*0.8 -> 12.902071 | J38: =G38*$I$7+G38 -> 16.127589 | K38: =H38*F38 -> 357.06482 | L38: =I38*F38 -> 1428.2593 | M38: =K38+L38 -> 1785.3241 | N38: =+M38/$M$63 -> 0.0050656203
A39: 6.5 | B39: 92762 | C39: SINAPI | D39: ARMAÇÃO DE PILAR OU VIGA DE ESTRUTURA CONVENCIONAL DE CONCRETO ARMADO UTILIZANDO AÇO CA-50 DE 10,0 MM - MONTAGEM. AF_06/2022 | E39: KG | F39: =133.8+5.2 -> 139 | G39: 11.61 | H39: =J39*0.2 -> 2.8962306 | I39: =J39*0.8 -> 11.584922 | J39: =G39*$I$7+G39 -> 14.481153 | K39: =H39*F39 -> 402.57605 | L39: =I39*F39 -> 1610.3042 | M39: =K39+L39 -> 2012.8803 | N39: =+M39/$M$63 -> 0.0057112807
A40: 6.6 | B40: 92764 | C40: SINAPI | D40: ARMAÇÃO DE PILAR OU VIGA DE ESTRUTURA CONVENCIONAL DE CONCRETO ARMADO UTILIZANDO AÇO CA-50 DE 16,0 MM - MONTAGEM. AF_06/2022 | E40: KG | F40: =401.4+30.4 -> 431.8 | G40: 9.5 | H40: =J40*0.2 -> 2.36987 | I40: =J40*0.8 -> 9.47948 | J40: =G40*$I$7+G40 -> 11.84935 | K40: =H40*F40 -> 1023.3099 | L40: =I40*F40 -> 4093.2395 | M40: =K40+L40 -> 5116.5493 | N40: =+M40/$M$63 -> 0.01451753
A41: 6.7 | B41: 97091 | C41: SINAPI | D41: ARMAÇÃO PARA EXECUÇÃO DE RADIER, PISO DE CONCRETO OU LAJE SOBRE SOLO, COM USO DE TELA Q-159. AF_09/2021 | E41: KG | F41: =(15.04*2.52)*1.1 -> 41.69088 | G41: 14.89 | H41: =J41*0.2 -> 3.7144594 | I41: =J41*0.8 -> 14.857838 | J41: =G41*$I$7+G41 -> 18.572297 | K41: =H41*F41 -> 154.85908 | L41: =I41*F41 -> 619.43632 | M41: =K41+L41 -> 774.29541 | N41: =+M41/$M$63 -> 0.0021969605
A42: 6.8 | B42: 92264 | C42: SINAPI | D42: FABRICAÇÃO DE FÔRMA PARA PILARES E ESTRUTURAS SIMILARES, EM CHAPA DE MADEIRA COMPENSADA PLASTIFICADA, E = 18 MM. AF_09/2020 | E42: M2 | F42: =16.65+10.8+87.81 -> 115.26 | G42: 227.51 | H42: =J42*0.2 -> 56.754645 | I42: =J42*0.8 -> 227.01858 | J42: =G42*$I$7+G42 -> 283.77322 | K42: =H42*F42 -> 6541.5403 | L42: =I42*F42 -> 26166.161 | M42: =K42+L42 -> 32707.702 | N42: =+M42/$M$63 -> 0.092803764
A43: 6.9 | B43: 103674 | C43: SINAPI | D43: CONCRETAGEM DE VIGAS E LAJES, FCK=25 MPA, PARA LAJES PREMOLDADAS COM USO DE BOMBA - LANÇAMENTO, ADENSAMENTO E ACABAMENTO. AF_02/2022_PS | E43: M3 | F43: =7.35+2.51+3.01 -> 12.87 | G43: 710.51 | H43: =J43*0.2 -> 177.24382 | I43: =J43*0.8 -> 708.9753 | J43: =G43*$I$7+G43 -> 886.21912 | K43: =H43*F43 -> 2281.128 | L43: =I43*F43 -> 9124.5121 | M43: =K43+L43 -> 11405.64 | N43: =+M43/$M$63 -> 0.032361991
A44: 7 | D44: MURO EM PEDRA | K44: =SUM(K45:K47) -> 5239.574 | L44: =SUM(L45:L47) -> 20958.296 | M44: =SUM(M45:M47) -> 26197.87 | N44: =+M44/$M$63 -> 0.074332981
A45: 7.1 | B45: 97916 | C45: SINAPI | D45: TRANSPORTE COM CAMINHÃO BASCULANTE DE 6 M³, EM VIA URBANA EM LEITO NATURAL (UNIDADE: M3XKM). AF_07/2020 | E45: M3XKM | F45: =(F46+F47)*1.3*25 -> 3763.5 | G45: 2.64 | H45: =J45*0.2 -> 0.6585744 | I45: =J45*0.8 -> 2.6342976 | J45: =G45*$I$7+G45 -> 3.292872 | K45: =H45*F45 -> 2478.5448 | L45: =I45*F45 -> 9914.179 | M45: =K45+L45 -> 12392.724 | N45: =+M45/$M$63 -> 0.035162709
A46: 7.2 | B46: 4730 | C46: SINAPI | D46: PEDRA DE MAO OU PEDRA RACHAO PARA ARRIMO/FUNDACAO (POSTO PEDREIRA/FORNECEDOR, SEM FRETE) | E46: M3 | F46: =20*5.12 -> 102.4 | G46: 87.29 | H46: =J46*0.2 -> 21.775363 | I46: =J46*0.8 -> 87.101454 | J46: =G46*$I$7+G46 -> 108.87682 | K46: =H46*F46 -> 2229.7972 | L46: =I46*F46 -> 8919.1888 | M46: =K46+L46 -> 11148.986 | N46: =+M46/$M$63 -> 0.031633769
A47: 7.3 | B47: 100322 | C47: SINAPI | D47: LASTRO COM MATERIAL GRANULAR (PEDRA BRITADA N.3), APLICADO EM PISOS OU LAJES SOBRE SOLO, ESPESSURA DE *10 CM*. AF_01/2024 | E47: M3 | F47: =20*6.7*0.1 -> 13.4 | G47: 158.92 | H47: =J47*0.2 -> 39.644183 | I47: =J47*0.8 -> 158.57673 | J47: =G47*$I$7+G47 -> 198.22092 | K47: =H47*F47 -> 531.23205 | L47: =I47*F47 -> 2124.9282 | M47: =K47+L47 -> 2656.1603 | N47: =+M47/$M$63 -> 0.0075365024
A48: 8 | D48: BASE LIGAÇÃO | K48: =SUM(K49:K51) -> 5606.7554 | L48: =SUM(L49:L51) -> 22427.022 | M48: =SUM(M49:M51) -> 28033.777 | N48: =+M48/$M$63 -> 0.079542123
A49: 8.1 | B49: 97091 | C49: SINAPI | D49: ARMAÇÃO PARA EXECUÇÃO DE RADIER, PISO DE CONCRETO OU LAJE SOBRE SOLO, COM USO DE TELA Q-159. AF_09/2021 | E49: KG | F49: =(134*2.52)*1.1 -> 371.448 | G49: 14.89 | H49: =J49*0.2 -> 3.7144594 | I49: =J49*0.8 -> 14.857838 | J49: =G49*$I$7+G49 -> 18.572297 | K49: =H49*F49 -> 1379.7285 | L49: =I49*F49 -> 5518.9141 | M49: =K49+L49 -> 6898.6426 | N49: =+M49/$M$63 -> 0.019573983
A50: 8.2 | B50: 97086 | C50: SINAPI | D50: FABRICAÇÃO, MONTAGEM E DESMONTAGEM DE FORMA PARA RADIER, PISO DE CONCROU LAJE SOBRE SOLO, EM MADEIRA SERRADA, 4 UTILIZAÇÕES. AF_09/2021 | E50: M2 | F50: 26.01 | G50: 117.03 | H50: =J50*0.2 -> 29.194304 | I50: =J50*0.8 -> 116.77722 | J50: =G50*$I$7+G50 -> 145.97152 | K50: =H50*F50 -> 759.34384 | L50: =I50*F50 -> 3037.3754 | M50: =K50+L50 -> 3796.7192 | N50: =+M50/$M$63 -> 0.010772687
A51: 8.3 | B51: 103672 | C51: SINAPI | D51: CONCRETAGEM DE PILARES, FCK = 25 MPA, COM USO DE BOMBA - LANÇAMENTO, ADENSAMENTO E ACABAMENTO. AF_02/2022_PS | E51: M3 | F51: 20.1 | G51: 691.58 | H51: =J51*0.2 -> 172.52155 | I51: =J51*0.8 -> 690.08619 | J51: =G51*$I$7+G51 -> 862.60773 | K51: =H51*F51 -> 3467.6831 | L51: =I51*F51 -> 13870.732 | M51: =K51+L51 -> 17338.415 | N51: =+M51/$M$63 -> 0.049195453
A52: 9 | D52: REFORÇO DE FUNDAÇÃO ABAIXO DO GABIÃO | K52: =SUM(K53:K55) -> 7673.0676 | L52: =SUM(L53:L55) -> 30692.27 | M52: =SUM(M53:M55) -> 38365.338 | N52: =+M52/$M$63 -> 0.10885656
A53: 9.1 | B53: 9395 | C53: SINAPI/Próprio | D53: EXECUÇÃO DE CHUMBADOR - PERFURAÇÃO EQUIPAMENTO MANUAL E ARAMADURA DIÂMETRO 16 + CHUMBADOR QUÍMICO | E53: M | F53: =(20/0.25)*3*0.4 -> 96 | G53: 127.41 | H53: =J53*0.2 -> 31.783699 | I53: =J53*0.8 -> 127.13479 | J53: =G53*$I$7+G53 -> 158.91849 | K53: =H53*F53 -> 3051.2351 | L53: =I53*F53 -> 12204.94 | M53: =K53+L53 -> 15256.175 | N53: =+M53/$M$63 -> 0.043287373
A54: 9.2 | B54: 92264 | C54: SINAPI | D54: FABRICAÇÃO DE FÔRMA PARA PILARES E ESTRUTURAS SIMILARES, EM CHAPA DE MADEIRA COMPENSADA PLASTIFICADA, E = 18 MM. AF_09/2020 | E54: M2 | F54: 27.72 | G54: 227.51 | H54: =J54*0.2 -> 56.754645 | I54: =J54*0.8 -> 227.01858 | J54: =G54*$I$7+G54 -> 283.77322 | K54: =H54*F54 -> 1573.2387 | L54: =I54*F54 -> 6292.955 | M54: =K54+L54 -> 7866.1937 | N54: =+M54/$M$63 -> 0.022319281
A55: 9.3 | B55: 103674 | C55: SINAPI | D55: CONCRETAGEM DE VIGAS E LAJES, FCK=25 MPA, PARA LAJES PREMOLDADAS COM USO DE BOMBA - LANÇAMENTO, ADENSAMENTO E ACABAMENTO. AF_02/2022_PS | E55: M3 | F55: 17.2 | G55: 710.51 | H55: =J55*0.2 -> 177.24382 | I55: =J55*0.8 -> 708.9753 | J55: =G55*$I$7+G55 -> 886.21912 | K55: =H55*F55 -> 3048.5938 | L55: =I55*F55 -> 12194.375 | M55: =K55+L55 -> 15242.969 | N55: =+M55/$M$63 -> 0.043249902
A56: 10 | D56: IMPERMEABILIZAÇÃO | K56: =SUM(K57) -> 389.64455 | L56: =SUM(L57) -> 1558.5782 | M56: =SUM(M57) -> 1948.2227 | N56: =+M56/$M$63 -> 0.0055278235
A57: 10.1 | B57: 98557 | C57: SINAPI | D57: IMPERMEABILIZAÇÃO DE SUPERFÍCIE COM EMULSÃO ASFÁLTICA, 2 DEMÃOS. AF_09/2023 | E57: M² | F57: =0.4*0.2*5*6+20*1.4 -> 30.4 | G57: 51.38 | H57: =J57*0.2 -> 12.817255 | I57: =J57*0.8 -> 51.269019 | J57: =G57*$I$7+G57 -> 64.086274 | K57: =H57*F57 -> 389.64455 | L57: =I57*F57 -> 1558.5782 | M57: =K57+L57 -> 1948.2227 | N57: =+M57/M63 -> 0.0055278235
A58: 11 | D58: DRENAGEM | K58: =SUM(K59:K59) -> 286.92889 | L58: =SUM(L59:L59) -> 1147.7156 | M58: =SUM(M59:M59) -> 1434.6445 | N58: =+M58/$M$63 -> 0.0040706133
A59: 11.1 | B59: 102713 | C59: SINAPI | D59: GEOTÊXTIL NÃO TECIDO 100% POLIÉSTER, RESISTÊNCIA A TRAÇÃO DE 14 KN/M (RT - 14), INSTALADO EM DRENO - FORNECIMENTO E INSTALAÇÃO. AF_07/2021 | E59: M2 | F59: =4.5*20 -> 90 | G59: 12.78 | H59: =J59*0.2 -> 3.1880988 | I59: =J59*0.8 -> 12.752395 | J59: =G59*$I$7+G59 -> 15.940494 | K59: =H59*F59 -> 286.92889 | L59: =I59*F59 -> 1147.7156 | M59: =K59+L59 -> 1434.6445 | N59: =+M59/M63 -> 0.0040706133
A60: 12 | D60: SERVIÇOS FINAIS | K60: =SUM(K61:K62) -> 2043.5978 | L60: =SUM(L61:L62) -> 8174.3911 | M60: =SUM(M61:M62) -> 10217.989 | N60: =+M60/$M$63 -> 0.028992188
A61: 12.1 | B61: composição própria | C61: Próprio | D61: LIMPEZA FINAL DA OBRA | E61: M2 | F61: =F19 -> 94.605 | G61: =Composições!H59 -> 54.8923 | H61: =J61*0.2 -> 13.693433 | I61: =J61*0.8 -> 54.773733 | J61: =G61*$I$7+G61 -> 68.467166 | K61: =H61*F61 -> 1295.4672 | L61: =I61*F61 -> 5181.869 | M61: =K61+L61 -> 6477.3362 | N61: =+M61/$M$63 -> 0.018378582
A62: 12.2 | B62: composição própria | C62: Próprio | D62: DESMOBILIZAÇÃO | E62: VB | F62: 1 | G62: =Composições!H68 -> 2999 | H62: =J62*0.2 -> 748.13054 | I62: =J62*0.8 -> 2992.5222 | J62: =G62*$I$7+G62 -> 3740.6527 | K62: =H62*F62 -> 748.13054 | L62: =I62*F62 -> 2992.5222 | M62: =K62+L62 -> 3740.6527 | N62: =+M62/$M$63 -> 0.010613606
A63: TOTAIS | K63: =+K60+K34+K29+K21+K14+K12+K44+K48+K56+K52+K58+K26 -> 93912.171 | L63: =+L60+L34+L29+L21+L14+L12+L44+L48+L56+L52+L58+L26 -> 258527.22 | M63: =+M60+M34+M29+M21+M14+M12+M44+M48+M56+M52+M58+M26 -> 352439.39 | N63: =+N60+N34+N29+N21+N14+N12+N44+N48+N56+N52+N58+N26 -> 1
A65: SINAPI MÊS BASE 02/2025
A67: Igrejinha, 20 de março de 2025
G70: M2CR CONSTRUTORA E SERVIÇOS LTDA
G71: Responsavel técnico
G72: Rafael Pompermayer
G73: CREA 109.125

Sheet Orçamento
A1: M2CR CONSTRUTORA E SERVIÇOS LTDA
A2: Rua Antonio Bonetto, 49, Desvio Rizzo, Caxias do Sul - RS
A3: CEP 95110-535 - Fone 54 3451 1132 - CNPJ 48.576.740/0001-05
A4: E-mail: financeiro.rmj@gmail.com
A6: OBRA: | B6: EXECUÇÃO DE REFORÇO SOBRE GABIÕES E BASE (META 07)
I7: =N8 -> 0.2473
A8: PLANILHA ORÇAMENTÁRIA | M8: BDI | N8: ='BDI SERVIÇOS'!D24 -> 0.2473
A10: Item | B10: Código | C10: Banco | D10: Descrição | E10: und | F10: Quant. | G10: Valor Unit | H10: Valor Unit com BDI | K10: Total | N10: Peso (%)
H11: M. O. | I11: MAT. | J11: Total | K11: M. O. | L11: MAT. | M11: Total
A12: 1.1 | D12: SERVIÇOS TÉCNICOS | K12: =K13 -> 31232.392 | L12: =L13 -> 7808.098 | M12: =M13 -> 39040.49 | N12: =+M12/$M$58 -> 0.11503142
A13: 1.1.1 | B13: 542 | C13: Próprio | D13: ADMINISTRAÇÃO DE OBRA/MÊS | E13: UND | F13: 6 | G13: =Composições!H18 -> 5216.6667 | H13: =J13*0.8 -> 5205.3987 | I13: =J13*0.2 -> 1301.3497 | J13: =G13*$I$7+G13 -> 6506.7483 | K13: =H13*F13 -> 31232.392 | L13: =I13*F13 -> 7808.098 | M13: =K13+L13 -> 39040.49 | N13: =+M13/$M$58 -> 0.11503142
A14: 1.2 | D14: SERVIÇOS INICIAIS | K14: =SUM(K15:K19) -> 5956.7166 | L14: =SUM(L15:L19) -> 23826.866 | M14: =SUM(M15:M19) -> 29783.583 | N14: =+M14/$M$58 -> 0.087756269
A15: 1.2.1 | B15: composição própria | C15: Próprio | D15: MOBILIZAÇÃO CANTEIRO DE OBRAS | E15: VB | F15: 1 | G15: =Composições!H26 -> 2999 | H15: =J15*0.2 -> 748.13054 | I15: =J15*0.8 -> 2992.5222 | J15: =G15*$I$7+G15 -> 3740.6527 | K15: =H15*F15 -> 748.13054 | L15: =I15*F15 -> 2992.5222 | M15: =K15+L15 -> 3740.6527 | N15: =+M15/$M$58 -> 0.0110217
A16: 1.2.2 | B16: 93584 | C16: SINAPI | D16: EXECUÇÃO DE DEPÓSITO EM CANTEIRO DE OBRA EM CHAPA DE MADEIRA COMPENSADA, NÃO INCLUSO MOBILIÁRIO. AF_04/2016 | E16: m² | F16: 15 | G16: 850 | H16: =J16*0.2 -> 212.041 | I16: =J16*0.8 -> 848.164 | J16: =G16*$I$7+G16 -> 1060.205 | K16: =H16*F16 -> 3180.615 | L16: =I16*F16 -> 12722.46 | M16: =K16+L16 -> 15903.075 | N16: =+M16/$M$58 -> 0.046857846
A17: 1.2.3 | B17: 101505 | C17: SINAPI | D17: ENTRADA DE ENERGIA ELÉTRICA, AÉREA, TRIFÁSICA, COM CAIXA DE SOBREPOR,CABO DE 10 MM2 E DISJUNTOR DIN 50A (NÃO INCLUSO O POSTE DE CONCRETO).AF_07/2020_PS | E17: UND | F17: 1 | G17: 1800.61 | H17: =J17*0.2 -> 449.18017 | I17: =J17*0.8 -> 1796.7207 | J17: =G17*$I$7+G17 -> 2245.9009 | K17: =H17*F17 -> 449.18017 | L17: =I17*F17 -> 1796.7207 | M17: =K17+L17 -> 2245.9009 | N17: =+M17/$M$58 -> 0.0066174671
A18: 1.2.4 | B18: 99059 | C18: SINAPI | D18: LOCACAO CONVENCIONAL DE OBRA, UTILIZANDO GABARITO DE TÁBUAS CORRIDAS PONTALETADAS A CADA 2,00M - 2 UTILIZAÇÕES. AF_10/2018 | E18: m | F18: =(40*2+5.05*2)*1.05 -> 94.605 | G18: 56.75 | H18: =J18*0.2 -> 14.156855 | I18: =J18*0.8 -> 56.62742 | J18: =G18*$I$7+G18 -> 70.784275 | K18: =H18*F18 -> 1339.3093 | L18: =I18*F18 -> 5357.2371 | M18: =K18+L18 -> 6696.5463 | N18: =+M18/$M$58 -> 0.019731136
A19: 1.2.5 | B19: 223 | C19: Próprio | D19: PLACA DE OBRA EM CHAPA DE AÇO GALVANIZADO | E19: M² | F19: =1.5*2 -> 3 | G19: =Composições!H32 -> 320 | H19: =J19*0.2 -> 79.8272 | I19: =J19*0.8 -> 319.3088 | J19: =G19*$I$7+G19 -> 399.136 | K19: =H19*F19 -> 239.4816 | L19: =I19*F19 -> 957.9264 | M19: =K19+L19 -> 1197.408 | N19: =+M19/$M$58 -> 0.0035281202
A20: 2.1 | D20: ENSECADEIRA | K20: =SUM(K21:K23) -> 14489.207 | L20: =SUM(L21:L23) -> 57956.826 | M20: =SUM(M21:M23) -> 72446.033 | N20: =+M20/$M$58 -> 0.21345966
A21: 2.1.1 | B21: 89272 | C21: SINAPI | D21: GUINDASTE HIDRÁULICO AUTOPROPELIDO, COM LANÇA TELESCÓPICA 28,80 M, CAPACIDADE MÁXIMA 30 T, POTÊNCIA 97 KW, TRAÇÃO 4 X 4 - CHP DIURNO. AF_11/2014 | E21: H | F21: =(40+5*2) -> 50 | G21: 240.97 | H21: =J21*0.2 -> 60.112376 | I21: =J21*0.8 -> 240.4495 | J21: =G21*$I$7+G21 -> 300.56188 | K21: =H21*F21 -> 3005.6188 | L21: =I21*F21 -> 12022.475 | M21: =K21+L21 -> 15028.094 | N21: =+M21/$M$58 -> 0.044279746
A22: 2.1.2 | B22: 367 + composição própria | C22: SINAPI/Próprio | D22: FORNECIMENTO DE AREIA ENSACADA EM SACO RESISTENTE E PERMEÁVEL PARA EXECUÇÃO DE BARREIRA HIDRÁULICA, INCLUIDO DISTRIBUIÇÃO E INSTALAÇÃO EM ÁGUA | E22: UND | F22: =(F21*(((1.5+3)*1.5)/2))/0.08 -> 2109.375 | G22: =Composições!H42 -> 17.050825 | H22: =J22*0.2 -> 4.2534988 | I22: =J22*0.8 -> 17.013995 | J22: =G22*$I$7+G22 -> 21.267494 | K22: =H22*F22 -> 8972.224 | L22: =I22*F22 -> 35888.896 | M22: =K22+L22 -> 44861.12 | N22: =+M22/$M$58 -> 0.1321817
A23: 2.1.3 | B23: 104482 | C23: SINAPI | D23: ESGOTAMENTO DE VALA COM BOMBA SUBMERSÍVEL. AF_12/2022 ( 3 BOMBAS) | E23: H | F23: =44*8 -> 352 | G23: 28.6 | H23: =J23*0.2 -> 7.134556 | I23: =J23*0.8 -> 28.538224 | J23: =G23*$I$7+G23 -> 35.67278 | K23: =H23*F23 -> 2511.3637 | L23: =I23*F23 -> 10045.455 | M23: =K23+L23 -> 12556.819 | N23: =+M23/$M$58 -> 0.03699822
A24: 2.2 | D24: BASE INFRAESTRUTURA | K24: =SUM(K25:K28) -> 9540.5567 | L24: =SUM(L25:L28) -> 38162.227 | M24: =SUM(M25:M28) -> 47702.784 | N24: =+M24/$M$58 -> 0.14055456
A25: 2.2.1 | B25: 96520 | C25: SINAPI | D25: ESCAVAÇÃO MECANIZADA PARA BLOCO DE COROAMENTO OU SAPATA COM RETROESCAVADEIRA (SEM ESCAVAÇÃO PARA COLOCAÇÃO DE FÔRMAS). AF_01/2024 | E25: M³ | F25: =F18 -> 94.605 | G25: 89.85 | H25: =J25*0.2 -> 22.413981 | I25: =J25*0.8 -> 89.655924 | J25: =G25*$I$7+G25 -> 112.0699 | K25: =H25*F25 -> 2120.4747 | L25: =I25*F25 -> 8481.8987 | M25: =K25+L25 -> 10602.373 | N25: =+M25/$M$58 -> 0.031239517
A26: 2.2.2 | B26: 9395 | C26: SINAPI/Próprio | D26: EXECUÇÃO DE CHUMBADOR - PERFURAÇÃO EQUIPAMENTO MANUAL E ARAMADURA DIÂMETRO 16 + CHUMBADOR QUÍMICO | E26: M | F26: =((2.5/0.5*20/0.5))*0.4 -> 80 | G26: =Composições!H50 -> 127.41408 | H26: =J26*0.2 -> 31.784716 | I26: =J26*0.8 -> 127.13887 | J26: =G26*$I$7+G26 -> 158.92358 | K26: =H26*F26 -> 2542.7773 | L26: =I26*F26 -> 10171.109 | M26: =K26+L26 -> 12713.887 | N26: =+M26/$M$58 -> 0.037461015
A27: 2.2.3 | B27: 96529 | C27: SINAPI | D27: FABRICAÇÃO, MONTAGEM E DESMONTAGEM DE FÔRMA PARA SAPATA, EM MADEIRA SERRADA, E=25 MM, 1 UTILIZAÇÃO. AF_06/2017 | E27: M2 | F27: =20*1.5 -> 30 | G27: 242.2 | H27: =J27*0.2 -> 60.419212 | I27: =J27*0.8 -> 241.67685 | J27: =G27*$I$7+G27 -> 302.09606 | K27: =H27*F27 -> 1812.5764 | L27: =I27*F27 -> 7250.3054 | M27: =K27+L27 -> 9062.8818 | N27: =+M27/$M$58 -> 0.026703459
A28: 2.2.4 | B28: 96558 | C28: SINAPI | D28: CONCRETAGEM DE SAPATAS, FCK 30 MPA, COM USO DE BOMBA  LANÇAMENTO, ADENSAMENTO E ACABAMENTO. AF_11/2016 | E28: M3 | F28: =20*0.75 -> 15 | G28: 819.03 | H28: =J28*0.2 -> 204.31522 | I28: =J28*0.8 -> 817.2609 | J28: =G28*$I$7+G28 -> 1021.5761 | K28: =H28*F28 -> 3064.7284 | L28: =I28*F28 -> 12258.913 | M28: =K28+L28 -> 15323.642 | N28: =+M28/$M$58 -> 0.045150566
A29: 2.3 | D29: CONTENÇÃO COM TIRANTES | K29: =SUM(K30:K38) -> 12225.868 | L29: =SUM(L30:L38) -> 48903.472 | M29: =SUM(M30:M38) -> 61129.34 | N29: =+M29/$M$58 -> 0.18011543
A30: 2.3.1 | B30: 9395 | C30: SINAPI/Próprio | D30: EXECUÇÃO DE CHUMBADOR - PERFURAÇÃO EQUIPAMENTO MANUAL E ARAMADURA DIÂMETRO 16 + CHUMBADOR QUÍMICO | E30: M | F30: =12*6*0.4 -> 28.8 | G30: =Composições!H51 -> 127.41408 | H30: =J30*0.2 -> 31.784716 | I30: =J30*0.8 -> 127.13887 | J30: =G30*$I$7+G30 -> 158.92358 | K30: =H30*F30 -> 915.39983 | L30: =I30*F30 -> 3661.5993 | M30: =K30+L30 -> 4576.9992 | N30: =+M30/$M$58 -> 0.013485966
A31: 2.3.2 | B31: 92759 | C31: SINAPI | D31: ARMAÇÃO DE PILAR OU VIGA DE ESTRUTURA CONVENCIONAL DE CONCRETO ARMADO UTILIZANDO AÇO CA-60 DE 5,0 MM - MONTAGEM. AF_06/2022 | E31: KG | F31: =94.8+4.4 -> 99.2 | G31: 14.7 | H31: =J31*0.2 -> 3.667062 | I31: =J31*0.8 -> 14.668248 | J31: =G31*$I$7+G31 -> 18.33531 | K31: =H31*F31 -> 363.77255 | L31: =I31*F31 -> 1455.0902 | M31: =K31+L31 -> 1818.8628 | N31: =+M31/$M$58 -> 0.0053592145
A32: 2.3.3 | B32: 92760 | C32: SINAPI | D32: ARMAÇÃO DE PILAR OU VIGA DE ESTRUTURA CONVENCIONAL DE CONCRETO ARMADO UTILIZANDO AÇO CA-50 DE 6,3 MM - MONTAGEM. AF_06/2022 | E32: KG | F32: =21.1+0.6 -> 21.7 | G32: 13.78 | H32: =J32*0.2 -> 3.4375588 | I32: =J32*0.8 -> 13.750235 | J32: =G32*$I$7+G32 -> 17.187794 | K32: =H32*F32 -> 74.595026 | L32: =I32*F32 -> 298.3801 | M32: =K32+L32 -> 372.97513 | N32: =+M32/$M$58 -> 0.001098958
A33: 2.3.4 | B33: 92761 | C33: SINAPI | D33: ARMAÇÃO DE PILAR OU VIGA DE ESTRUTURA CONVENCIONAL DE CONCRETO ARMADO UTILIZANDO AÇO CA-50 DE 8,0 MM - MONTAGEM. AF_06/2022 | E33: KG | F33: =110.7 -> 110.7 | G33: 13.08 | H33: =J33*0.2 -> 3.2629368 | I33: =J33*0.8 -> 13.051747 | J33: =G33*$I$7+G33 -> 16.314684 | K33: =H33*F33 -> 361.2071 | L33: =I33*F33 -> 1444.8284 | M33: =K33+L33 -> 1806.0355 | N33: =+M33/$M$58 -> 0.0053214195
A34: 2.3.5 | B34: 92762 | C34: SINAPI | D34: ARMAÇÃO DE PILAR OU VIGA DE ESTRUTURA CONVENCIONAL DE CONCRETO ARMADO UTILIZANDO AÇO CA-50 DE 10,0 MM - MONTAGEM. AF_06/2022 | E34: KG | F34: =133.8+5.2 -> 139 | G34: 11.76 | H34: =J34*0.2 -> 2.9336496 | I34: =J34*0.8 -> 11.734598 | J34: =G34*$I$7+G34 -> 14.668248 | K34: =H34*F34 -> 407.77729 | L34: =I34*F34 -> 1631.1092 | M34: =K34+L34 -> 2038.8865 | N34: =+M34/$M$58 -> 0.0060075066
A35: 2.3.6 | B35: 92764 | C35: SINAPI | D35: ARMAÇÃO DE PILAR OU VIGA DE ESTRUTURA CONVENCIONAL DE CONCRETO ARMADO UTILIZANDO AÇO CA-50 DE 16,0 MM - MONTAGEM. AF_06/2022 | E35: KG | F35: =401.4+30.4 -> 431.8 | G35: 9.65 | H35: =J35*0.2 -> 2.407289 | I35: =J35*0.8 -> 9.629156 | J35: =G35*$I$7+G35 -> 12.036445 | K35: =H35*F35 -> 1039.4674 | L35: =I35*F35 -> 4157.8696 | M35: =K35+L35 -> 5197.337 | N35: =+M35/$M$58 -> 0.015313769
A36: 2.3.7 | B36: 97091 | C36: SINAPI | D36: ARMAÇÃO PARA EXECUÇÃO DE RADIER, PISO DE CONCRETO OU LAJE SOBRE SOLO, COM USO DE TELA Q-159. AF_09/2021 | E36: KG | F36: =(15.04*2.52)*1.1 -> 41.69088 | G36: 15.68 | H36: =J36*0.2 -> 3.136 | I36: =J36*0.8 -> 12.544 | J36: =G36*$I$6+G36 -> 15.68 | K36: =H36*F36 -> 130.7426 | L36: =I36*F36 -> 522.9704 | M36: =K36+L36 -> 653.713 | N36: =+M36/$M$58 -> 0.0019261421
A37: 2.3.8 | B37: 92264 | C37: SINAPI | D37: FABRICAÇÃO DE FÔRMA PARA PILARES E ESTRUTURAS SIMILARES, EM CHAPA DE MADEIRA COMPENSADA PLASTIFICADA, E = 18 MM. AF_09/2020 | E37: M2 | F37: =16.65+10.8+87.81 -> 115.26 | G37: 229.63 | H37: =J37*0.2 -> 57.2835 | I37: =J37*0.8 -> 229.134 | J37: =G37*$I$7+G37 -> 286.4175 | K37: =H37*F37 -> 6602.4962 | L37: =I37*F37 -> 26409.985 | M37: =K37+L37 -> 33012.481 | N37: =+M37/$M$58 -> 0.097270103
A38: 2.3.9 | B38: 103674 | C38: SINAPI | D38: CONCRETAGEM DE VIGAS E LAJES, FCK=25 MPA, PARA LAJES PREMOLDADAS COM USO DE BOMBA - LANÇAMENTO, ADENSAMENTO E ACABAMENTO. AF_02/2022_PS | E38: M3 | F38: =7.35+2.51+3.01 -> 12.87 | G38: 725.86 | H38: =J38*0.2 -> 181.07304 | I38: =J38*0.8 -> 724.29214 | J38: =G38*$I$7+G38 -> 905.36518 | K38: =H38*F38 -> 2330.41 | L38: =I38*F38 -> 9321.6399 | M38: =K38+L38 -> 11652.05 | N38: =+M38/$M$58 -> 0.034332351
A39: 2.4 | D39: MURO EM PEDRA | K39: =SUM(K40:K42) -> 3849.6546 | L39: =SUM(L40:L42) -> 15398.618 | M39: =SUM(M40:M42) -> 19248.273 | N39: =+M39/$M$58 -> 0.056714353
A40: 2.4.1 | B40: 97916 | C40: SINAPI | D40: TRANSPORTE COM CAMINHÃO BASCULANTE DE 6 M³, EM VIA URBANA EM LEITO NATURAL (UNIDADE: M3XKM). AF_07/2020 | E40: M3XKM | F40: =(F41+F42)*1.3*25 -> 3763.5 | G40: 2.57 | H40: =J40*0.2 -> 0.514 | I40: =J40*0.8 -> 2.056 | J40: =G40*$I$6+G40 -> 2.57 | K40: =H40*F40 -> 1934.439 | L40: =I40*F40 -> 7737.756 | M40: =K40+L40 -> 9672.195 | N40: =+M40/$M$58 -> 0.028498779
A41: 2.4.2 | B41: 4730 | C41: SINAPI | D41: PEDRA DE MAO OU PEDRA RACHAO PARA ARRIMO/FUNDACAO (POSTO PEDREIRA/FORNECEDOR, SEM FRETE) | E41: M3 | F41: =20*5.12 -> 102.4 | G41: 73.86 | H41: =J41*0.2 -> 14.772 | I41: =J41*0.8 -> 59.088 | J41: =G41*$I$6+G41 -> 73.86 | K41: =H41*F41 -> 1512.6528 | L41: =I41*F41 -> 6050.6112 | M41: =K41+L41 -> 7563.264 | N41: =+M41/$M$58 -> 0.022284889
A42: 2.4.3 | B42: 100322 | C42: SINAPI | D42: LASTRO COM MATERIAL GRANULAR (PEDRA BRITADA N.3), APLICADO EM PISOS OU LAJES SOBRE SOLO, ESPESSURA DE *10 CM*. AF_01/2024 | E42: M3 | F42: =20*6.7*0.1 -> 13.4 | G42: 150.21 | H42: =J42*0.2 -> 30.042 | I42: =J42*0.8 -> 120.168 | J42: =G42*$I$6+G42 -> 150.21 | K42: =H42*F42 -> 402.5628 | L42: =I42*F42 -> 1610.2512 | M42: =K42+L42 -> 2012.814 | N42: =+M42/$M$58 -> 0.005930685
A43: 2.5 | D43: BASE LIGAÇÃO | K43: =SUM(K44:K46) -> 4615.0934 | L43: =SUM(L44:L46) -> 18460.374 | M43: =SUM(M44:M46) -> 23075.467 | N43: =+M43/$M$58 -> 0.067991045
A44: 2.5.1 | B44: 97091 | C44: SINAPI | D44: ARMAÇÃO PARA EXECUÇÃO DE RADIER, PISO DE CONCRETO OU LAJE SOBRE SOLO, COM USO DE TELA Q-159. AF_09/2021 | E44: KG | F44: =(134*2.52)*1.1 -> 371.448 | G44: 15.68 | H44: =J44*0.2 -> 3.136 | I44: =J44*0.8 -> 12.544 | J44: =G44*$I$6+G44 -> 15.68 | K44: =H44*F44 -> 1164.8609 | L44: =I44*F44 -> 4659.4437 | M44: =K44+L44 -> 5824.3046 | N44: =+M44/$M$58 -> 0.017161107
A45: 2.5.2 | B45: 97086 | C45: SINAPI | D45: FABRICAÇÃO, MONTAGEM E DESMONTAGEM DE FORMA PARA RADIER, PISO DE CONCROU LAJE SOBRE SOLO, EM MADEIRA SERRADA, 4 UTILIZAÇÕES. AF_09/2021 | E45: M2 | F45: 26.01 | G45: 116.95 | H45: =J45*0.2 -> 23.39 | I45: =J45*0.8 -> 93.56 | J45: =G45*$I$6+G45 -> 116.95 | K45: =H45*F45 -> 608.3739 | L45: =I45*F45 -> 2433.4956 | M45: =K45+L45 -> 3041.8695 | N45: =+M45/$M$58 -> 0.0089627605
A46: 2.5.3 | B46: 103672 | C46: SINAPI | D46: CONCRETAGEM DE PILARES, FCK = 25 MPA, COM USO DE BOMBA - LANÇAMENTO, ADENSAMENTO E ACABAMENTO. AF_02/2022_PS | E46: M3 | F46: 20.1 | G46: 706.93 | H46: =J46*0.2 -> 141.386 | I46: =J46*0.8 -> 565.544 | J46: =G46*$I$6+G46 -> 706.93 | K46: =H46*F46 -> 2841.8586 | L46: =I46*F46 -> 11367.434 | M46: =K46+L46 -> 14209.293 | N46: =+M46/$M$58 -> 0.041867177
A47: 2.6 | D47: REFORÇO DE FUNDAÇÃO ABAIXO DO GABIÃO | K47: =SUM(K48:K50) -> 6650.0271 | L47: =SUM(L48:L50) -> 26600.108 | M47: =SUM(M48:M50) -> 33250.136 | N47: =+M47/$M$58 -> 0.097970344
A48: 2.6.1 | B48: 9395 | C48: SINAPI/Próprio | D48: EXECUÇÃO DE CHUMBADOR - PERFURAÇÃO EQUIPAMENTO MANUAL E ARAMADURA DIÂMETRO 16 + CHUMBADOR QUÍMICO | E48: M | F48: =(20/0.25)*3*0.4 -> 96 | G48: 150 | H48: =J48*0.2 -> 30 | I48: =J48*0.8 -> 120 | J48: =G48*$I$6+G48 -> 150 | K48: =H48*F48 -> 2880 | L48: =I48*F48 -> 11520 | M48: =K48+L48 -> 14400 | N48: =+M48/$M$58 -> 0.042429089
A49: 2.6.2 | B49: 92264 | C49: SINAPI | D49: FABRICAÇÃO DE FÔRMA PARA PILARES E ESTRUTURAS SIMILARES, EM CHAPA DE MADEIRA COMPENSADA PLASTIFICADA, E = 18 MM. AF_09/2020 | E49: M2 | F49: 27.72 | G49: 229.63 | H49: =J49*0.2 -> 45.926 | I49: =J49*0.8 -> 183.704 | J49: =G49*$I$6+G49 -> 229.63 | K49: =H49*F49 -> 1273.0687 | L49: =I49*F49 -> 5092.2749 | M49: =K49+L49 -> 6365.3436 | N49: =+M49/$M$58 -> 0.018755259
A50: 2.6.3 | B50: 103674 | C50: SINAPI | D50: CONCRETAGEM DE VIGAS E LAJES, FCK=25 MPA, PARA LAJES PREMOLDADAS COM USO DE BOMBA - LANÇAMENTO, ADENSAMENTO E ACABAMENTO. AF_02/2022_PS | E50: M3 | F50: 17.2 | G50: 725.86 | H50: =J50*0.2 -> 145.172 | I50: =J50*0.8 -> 580.688 | J50: =G50*$I$6+G50 -> 725.86 | K50: =H50*F50 -> 2496.9584 | L50: =I50*F50 -> 9987.8336 | M50: =K50+L50 -> 12484.792 | N50: =+M50/$M$58 -> 0.036785996
A51: 2.7 | D51: IMPERMEABILIZAÇÃO | K51: =SUM(K52) -> 364.39121 | L51: =SUM(L52) -> 1457.5648 | M51: =SUM(M52) -> 1821.9561 | N51: =+M51/$M$58 -> 0.0053683288
A52: 2.7.1 | B52: 98557 | C52: SINAPI | D52: IMPERMEABILIZAÇÃO DE SUPERFÍCIE COM EMULSÃO ASFÁLTICA, 2 DEMÃOS. AF_09/2023 | E52: M² | F52: =0.4*0.2*5*6+20*1.4 -> 30.4 | G52: 48.05 | H52: =J52*0.2 -> 11.986553 | I52: =J52*0.8 -> 47.946212 | J52: =G52*$I$7+G52 -> 59.932765 | K52: =H52*F52 -> 364.39121 | L52: =I52*F52 -> 1457.5648 | M52: =K52+L52 -> 1821.9561 | N52: =+M52/M58 -> 0.0053683288
A53: 2.8 | D53: DRENAGEM | K53: =SUM(K54:K54) -> 334.75037 | L53: =SUM(L54:L54) -> 1339.0015 | M53: =SUM(M54:M54) -> 1673.7519 | N53: =+M53/$M$58 -> 0.0049316505
A54: 2.8.1 | B54: 102713 | C54: SINAPI | D54: GEOTÊXTIL NÃO TECIDO 100% POLIÉSTER, RESISTÊNCIA A TRAÇÃO DE 14 KN/M (RT - 14), INSTALADO EM DRENO - FORNECIMENTO E INSTALAÇÃO. AF_07/2021 | E54: M2 | F54: =4.5*20 -> 90 | G54: 14.91 | H54: =J54*0.2 -> 3.7194486 | I54: =J54*0.8 -> 14.877794 | J54: =G54*$I$7+G54 -> 18.597243 | K54: =H54*F54 -> 334.75037 | L54: =I54*F54 -> 1339.0015 | M54: =K54+L54 -> 1673.7519 | N54: =+M54/M58 -> 0.0049316505
A55: 3 | D55: SERVIÇOS FINAIS | K55: =SUM(K56:K57) -> 2043.5978 | L55: =SUM(L56:L57) -> 8174.3911 | M55: =SUM(M56:M57) -> 10217.989 | N55: =+M55/$M$58 -> 0.030106942
A56: 3.1 | B56: composição própria | C56: Próprio | D56: LIMPEZA FINAL DA OBRA | E56: M2 | F56: =F18 -> 94.605 | G56: =Composições!H59 -> 54.8923 | H56: =J56*0.2 -> 13.693433 | I56: =J56*0.8 -> 54.773733 | J56: =G56*$I$7+G56 -> 68.467166 | K56: =H56*F56 -> 1295.4672 | L56: =I56*F56 -> 5181.869 | M56: =K56+L56 -> 6477.3362 | N56: =+M56/$M$58 -> 0.019085241
A57: 3.2 | B57: composição própria | C57: Próprio | D57: DESMOBILIZAÇÃO | E57: VB | F57: 1 | G57: =Composições!H68 -> 2999 | H57: =J57*0.2 -> 748.13054 | I57: =J57*0.8 -> 2992.5222 | J57: =G57*$I$7+G57 -> 3740.6527 | K57: =H57*F57 -> 748.13054 | L57: =I57*F57 -> 2992.5222 | M57: =K57+L57 -> 3740.6527 | N57: =+M57/$M$58 -> 0.0110217
A58: TOTAIS | K58: =+K55+K29+K24+K20+K14+K12+K39+K43+K51+K47+K53 -> 91302.254 | L58: =+L55+L29+L24+L20+L14+L12+L39+L43+L51+L47+L53 -> 248087.55 | M58: =+M55+M29+M24+M20+M14+M12+M39+M43+M51+M47+M53 -> 339389.8 | N58: =+N55+N29+N24+N20+N14+N12+N39+N43+N51+N47+N53 -> 1
A60: SINAPI MÊS BASE 02/2025
A62: Igrejinha, 29 de junho de 2024
G65: M2CR CONSTRUTORA E SERVIÇOS LTDA
G66: Responsavel técnico
G67: Rafael Pompermayer
G68: CREA 109.125

Sheet Cronograma
A1: M2CR CONSTRUTORA E SERVIÇOS LTDA
A2: Rua Antonio Bonetto, 49, Desvio Rizzo, Caxias do Sul - RS
A3: CEP 95110-535 - Fone 54 3451 1132 - CNPJ 48.576.740/0001-05
A4: E-mail: financeiro.rmj@gmail.com
A6: OBRA: | B6: =+Orçamento!B6 -> EXECUÇÃO DE REFORÇO SOBRE GABIÕES E BASE (META 07)
A8: CRONOGRAMA FISICO FINANCEIRO
A10: Item | B10: Descrição | C10: Total Por Etapa | D10: 30 DIAS | E10: 60 DIAS | F10: 90 DIAS | G10: 120 DIAS | H10: 150 DIAS | I10: 180 DIAS
A11: ='Orçamento - Nathaniel'!A12 -> 1 | B11: ='Orçamento - Nathaniel'!D12 -> SERVIÇOS TÉCNICOS | C11: 1 | D11: 0.25 | E11: 0.15 | F11: 0.15 | G11: 0.15 | H11: 0.15 | I11: 0.15
C12: ='Orçamento - Nathaniel'!M12 -> 39040.49 | D12: =C12*D11 -> 9760.1225 | E12: =C12*E11 -> 5856.0735 | F12: =C12*F11 -> 5856.0735 | G12: =C12*$G$11 -> 5856.0735 | H12: =C12*$H$11 -> 5856.0735 | I12: =C12*$I$11 -> 5856.0735
A13: ='Orçamento - Nathaniel'!A14 -> 2 | B13: ='Orçamento - Nathaniel'!D14 -> SERVIÇOS INICIAIS | C13: 1 | D13: 0.7 | E13: 0.3
C14: ='Orçamento - Nathaniel'!M14 -> 31048.767 | D14: =C14*D13 -> 21734.137 | E14: =C14*E13 -> 9314.6302 | F14: =C14*F13 -> 0 | G14: =C14*$G$13 -> 0 | H14: =D14*$G$13 -> 0 | I14: =E14*$G$13 -> 0
A15: ='Orçamento - Nathaniel'!A21 -> 3 | B15: ='Orçamento - Nathaniel'!D21 -> ENSECADEIRA - INSTALAÇÃO | C15: 1 | D15: 0.5 | E15: 0.3 | F15: 0.2
C16: ='Orçamento - Nathaniel'!M21 -> 51228.756 | D16: =C16*D15 -> 25614.378 | E16: =C16*E15 -> 15368.627 | F16: =C16*F15 -> 10245.751 | G16: =C16*$G$15 -> 0 | H16: =D16*$G$15 -> 0 | I16: =E16*$G$15 -> 0
A17: ='Orçamento - Nathaniel'!A26 -> 4 | B17: ='Orçamento - Nathaniel'!D26 -> ENSECADEIRA - REMOÇÃO | C17: 1 | G17: 0.7 | H17: 0.3
C18: ='Orçamento - Nathaniel'!M26 -> 16892.184 | D18: =C18*D17 -> 0 | E18: =C18*E17 -> 0 | F18: =C18*F17 -> 0 | G18: =C18*$G$17 -> 11824.529 | H18: =C18*$H$17 -> 5067.6552 | I18: =E18*$G$15 -> 0
A19: ='Orçamento - Nathaniel'!A29 -> 5 | B19: ='Orçamento - Nathaniel'!D29 -> BASE INFRAESTRUTURA | C19: 1 | D19: 0.5 | E19: 0.3 | F19: 0.2
C20: ='Orçamento - Nathaniel'!M29 -> 47517.385 | D20: =C20*D19 -> 23758.693 | E20: =C20*E19 -> 14255.216 | F20: =C20*F19 -> 9503.477 | G20: =C20*$G$19 -> 0 | H20: =D20*$G$19 -> 0 | I20: =E20*$G$19 -> 0
A21: ='Orçamento - Nathaniel'!A34 -> 6 | B21: ='Orçamento - Nathaniel'!D34 -> CONTENÇÃO COM TIRANTES | C21: 1 | F21: 0.1 | G21: 0.4 | H21: 0.5
C22: ='Orçamento - Nathaniel'!M34 -> 60513.963 | D22: =C22*D21 -> 0 | E22: =C22*E21 -> 0 | F22: =C22*F21 -> 6051.3963 | G22: =C22*$G$21 -> 24205.585 | H22: =C22*$H$21 -> 30256.982 | I22: =E22*$G$21 -> 0
A23: ='Orçamento - Nathaniel'!A44 -> 7 | B23: ='Orçamento - Nathaniel'!D44 -> MURO EM PEDRA | C23: 1 | F23: 0.3 | G23: 0.3 | H23: 0.4
C24: ='Orçamento - Nathaniel'!M44 -> 26197.87 | D24: =C24*D23 -> 0 | E24: =C24*E23 -> 0 | F24: =C24*F23 -> 7859.361 | G24: =C24*$G$23 -> 7859.361 | H24: =C24*$H$23 -> 10479.148 | I24: =E24*$G$23 -> 0
A25: ='Orçamento - Nathaniel'!A48 -> 8 | B25: ='Orçamento - Nathaniel'!D48 -> BASE LIGAÇÃO | C25: 1 | F25: 0.1 | G25: 0.4 | H25: 0.5
C26: ='Orçamento - Nathaniel'!M48 -> 28033.777 | D26: =C26*D25 -> 0 | E26: =C26*E25 -> 0 | F26: =C26*F25 -> 2803.3777 | G26: =C26*G25 -> 11213.511 | H26: =C26*H25 -> 14016.889 | I26: =E26*$G$27 -> 0
A27: ='Orçamento - Nathaniel'!A52 -> 9 | B27: ='Orçamento - Nathaniel'!D52 -> REFORÇO DE FUNDAÇÃO ABAIXO DO GABIÃO | C27: 1 | F27: 1
C28: ='Orçamento - Nathaniel'!M52 -> 38365.338 | D28: =C28*D27 -> 0 | E28: =C28*E27 -> 0 | F28: =C28*F27 -> 38365.338 | G28: =C28*$G$27 -> 0 | H28: =C28*$H$27 -> 0 | I28: =C28*$I$27 -> 0
A29: ='Orçamento - Nathaniel'!A56 -> 10 | B29: ='Orçamento - Nathaniel'!D56 -> IMPERMEABILIZAÇÃO | C29: 1 | I29: 1
C30: ='Orçamento - Nathaniel'!M56 -> 1948.2227 | D30: =C30*D29 -> 0 | E30: =C30*E29 -> 0 | F30: =C30*F29 -> 0 | G30: =C30*$G$29 -> 0 | H30: =D30*$H$29 -> 0 | I30: =C30*$I$29 -> 1948.2227
A31: ='Orçamento - Nathaniel'!A58 -> 11 | B31: ='Orçamento - Nathaniel'!D58 -> DRENAGEM | C31: 1 | G31: 0.1 | H31: 0.2 | I31: 0.7
C32: ='Orçamento - Nathaniel'!M58 -> 1434.6445 | D32: =C32*D31 -> 0 | E32: =C32*E31 -> 0 | F32: =C32*F31 -> 0 | G32: =C32*$G$31 -> 143.46445 | H32: =C32*$H$31 -> 286.92889 | I32: =C32*$I$31 -> 1004.2511
A33: ='Orçamento - Nathaniel'!A60 -> 12 | B33: ='Orçamento - Nathaniel'!D60 -> SERVIÇOS FINAIS | C33: 1 | I33: 1
C34: ='Orçamento - Nathaniel'!M60 -> 10217.989 | D34: =C34*D33 -> 0 | E34: =C34*E33 -> 0 | F34: =C34*F33 -> 0 | G34: =C34*$G$33 -> 0 | H34: =D34*$G$33 -> 0 | I34: =C34*$I$33 -> 10217.989
A36: Igrejinha, 15 de janeiro de 2025 | C36: =C12+C14+C16+C18+C20+C22+C24+C26+C28+C30+C32+C34 -> 352439.39
D39: M2CR CONSTRUTORA E SERVIÇOS LTDA
D40: Responsavel técnico
D41: Rafael Pompermayer
E42: CREA 109.125

Sheet BDI SERVIÇOS
A1: M2CR CONSTRUTORA E SERVIÇOS LTDA
A2: Rua Antonio Bonetto, 49, Desvio Rizzo, Caxias do Sul - RS
A3: CEP 95110-535 - Fone 54 3451 1132 - CNPJ 48.576.740/0001-05
A4: E-mail: financeiro.rmj@gmail.com
A6: COMPOSIÇÃO BDI - SERVIÇOS
A8: TIPO DE OBRA | D8: OBRAS PORTUÁRIAS, MARÍTMAS E FLUVIAIS
A10: REGIME DE CONTRIBUIÇÃO PREVIDENCIÁRIA | D10: NÃO DESONERADO
A12: ESTIMATIVA DE PERCENTUAL DA BASE DE CÁLCULO PARA O ISS | D12: 0.2
A14: ALÍQUOTA ISS | D14: 0.03
A16: ITENS | C16: SIGLAS | D16: % ADOTADO | F16: 1º QUARTIL | G16: MÉDIO | H16: 3º QUARTIL
A17: ADMINISTRAÇÃO CENTRAL | C17: AC | D17: 0.0552 | F17: 0.04 | G17: 0.0552 | H17: 0.0785
A18: SEGURO E GARANTIA | C18: SG | D18: 0.0122 | F18: 0.0081 | G18: 0.0122 | H18: 0.0199
A19: RISCO | C19: R | D19: 0.0232 | F19: 0.0146 | G19: 0.0232 | H19: 0.0316
A20: DESPESAS FINANCEIRAS | C20: DF | D20: 0.0102 | F20: 0.0094 | G20: 0.0102 | H20: 0.0133
A21: LUCRO | C21: L | D21: 0.084 | F21: 0.0714 | G21: 0.084 | H21: 0.1043
A22: TRIBUTOS (COFINS = 3,00% E PIS = 0,65%) | C22: CP | D22: 0.0365 | F22: 0.0365 | G22: 0.0365 | H22: 0.0365
A23: IMPOSTO SOBRE SERVIÇOS (ISS) | C23: ISS | D23: 0.006 | F23: 0 | G23: 0.025 | H23: 0.05
A24: BDI SEM DESONERAÇÃO (FÓRMULA ACÓRDÃO TCU) | C24: BDI PAD | D24: 0.2473 | F24: 0.228 | G24: 0.2748 | H24: 0.3095
A26: O VALOR DO BDI FOI CALCULADO COM O EMPREGO DA SEGUINTE FÓRMULA:
A30: DECLARO, PARA OS DEVIDOS FINS, QUE, CONFORME LEGISLAÇÃO TRIBUTÁRIA MUNICIPAL, A BASE DE CÁLCULO PARA ESTA OBRA É DE 0,20%, COM A RESPECTIVA ALÍQUOTA DE 0,03%. A BASE DE CÁLCULO FOI OBTIDA ATRAVÉS DA MÉDIA PONDERADA DOS PERCENTUAIS DE MÃO DE OBRA E DE MATERIAL DE CADA SERVIÇO DA PLANILHA ORÇAMENTÁRIA.
A32: Igrejinha, 29 de junho de 2024
D34: M2CR CONSTRUTORA E SERVIÇOS LTDA
D35: Responsavel técnico
D36: Rafael Pompermayer
D37: CREA 109.125

Sheet Composições
A1: M2CR CONSTRUTORA E SERVIÇOS LTDA
A2: Rua Antonio Bonetto, 49, Desvio Rizzo, Caxias do Sul - RS
A3: CEP 95110-535 - Fone 54 3451 1132 - CNPJ 48.576.740/0001-05
A4: E-mail: financeiro.rmj@gmail.com
A6: OBRA: | B6: =Orçamento!B6 -> EXECUÇÃO DE REFORÇO SOBRE GABIÕES E BASE (META 07)
A8: COMPOSIÇÕES
A10: Item | B10: Código | C10: Banco | D10: Descrição | E10: und | F10: Quant. | G10: Valor Unit | H10: Total
A12: 1.1.1 | B12: 542 | C12: Próprio | D12: ADMINISTRAÇÃO DE OBRA/MÊS | E12: und
C13: cotação | D13: Material expediente ( material escritório + telefone) | E13: Mês | F13: 1 | G13: 250 | H13: =+G13*F13 -> 250
C14: cotação | D14: Desolocamento ao local da obra ( veículo + combustível) | E14: Km | F14: =70*30 -> 2100 | G14: 1.5 | H14: =+G14*F14 -> 3150
C15: cotação | D15: Engenheiro Civil | E15: Mês | F15: 3 | G15: =1500*4 -> 6000 | H15: =+G15*F15 -> 18000
C16: cotação | D16: Secretária/Estragiário | E16: Mês | F16: 3 | G16: 3300 | H16: =+G16*F16 -> 9900
D17: Total | H17: =SUM(H13:H16) -> 31300
D18: Incidência | E18: % | F18: =100/6 -> 16.666667 | H18: =+H17*(F18/100) -> 5216.6667
A20: 1.2.1 | B20: composição própria | C20: Próprio | D20: MOBILIZAÇÃO CANTEIRO DE OBRAS | E20: VB
C21: cotação | D21: Chapa carregamento e descarregamento | E21: diária | F21: 2 | G21: 250 | H21: =+G21*F21 -> 500
C22: cotação | D22: Desolocamento caminhão toco - frete local | E22: Km | F22: 120 | G22: 18.95 | H22: =+G22*F22 -> 2274
C23: cotação | D23: Pedágios | E23: unid | F23: 3 | G23: 25 | H23: =+G23*F23 -> 75
C24: cotação | D24: Diária motorista (alimentação, repouso, lanche) | E24: diária | F24: 1 | G24: 150 | H24: =+G24*F24 -> 150
D25: Total | H25: =SUM(H21:H24) -> 2999
D26: Incidência | E26: % | F26: 100 | H26: =+H25*(F26/100) -> 2999
A28: 1.2.5 | B28: 223 | C28: Próprio | D28: PLACA DE OBRA EM CHAPA DE AÇO GALVANIZADO | E28: M²
C29: cotação | D29: Seriviço gáfico | E29: horas | F29: 2.5 | G29: 75 | H29: =+G29*F29 -> 187.5
C30: cotação | D30: Adesivo | E30: m² | F30: 1 | G30: 91 | H30: =+G30*F30 -> 91
C31: cotação | D31: Placa em PVC | E31: m² | F31: 1 | G31: 41.5 | H31: =+G31*F31 -> 41.5
D32: Total | H32: =SUM(H29:H31) -> 320
D33: Incidência | E33: % | F33: 100 | H33: =+H32*(F33/100) -> 320
A35: 2.1.2 | B35: 367 + composição própria | C35: SINAPI/Próprio | D35: FORNECIMENTO DE AREIA ENSACADA EM SACO RESISTENTE E PERMEÁVEL PARA EXECUÇÃO DE BARREIRA HIDRÁULICA, INCLUIDO DISTRIBUIÇÃO E INSTALAÇÃO EM ÁGUA | E35: UNID
C36: 367 | D36: Areia grossa | E36: m³ | F36: =0.4*0.4*0.5 -> 0.08 | G36: 92.69 | H36: =+G36*F36 -> 7.4152
C37: 37526 | D37: Saco rafia entenulho | E37: unid | F37: 1 | G37: 3.55 | H37: =+G37*F37 -> 3.55
C38: 6111 | D38: Servente enchimento | E38: hora | F38: 0.11 | G38: 16.28 | H38: =+G38*F38 -> 1.7908
C39: 6111 | D39: Servente instalação | E39: hora | F39: 0.11 | G39: 16.28 | H39: =+G39*F39 -> 1.7908
C40: 4083 | D40: Encarregado | E40: hora | F40: 0.0465 | G40: 53.85 | H40: =+G40*F40 -> 2.504025
D41: Total | H41: =SUM(H36:H40) -> 17.050825
D42: Incidência | E42: % | F42: 100 | H42: =+H41*(F42/100) -> 17.050825
A44: 2.2.2 | B44: composição própria | C44: SINAPI/Próprio | D44: EXECUÇÃO DE CHUMBADOR - PERFURAÇÃO EQUIPAMENTO MANUAL E ARAMADURA DIÂMETRO 12.5 + CHUMBADOR QUÍMICO | E44: M
C45: 43055 | D45: Vergalhão CA50 12.5 mm | E45: Kg | F45: =0.96*1.1 -> 1.056 | G45: 6.98 | H45: =+G45*F45 -> 7.37088
C46: 4257 | D46: OPERADOR DE MARTELETE OU MARTELETEIRO (HORISTA) | E46: hora | F46: 0.4 | G46: 28.52 | H46: =+G46*F46 -> 11.408
C47: 4750 | D47: Pedreiro | E47: hora | F47: 0.4 | G47: 20.71 | H47: =+G47*F47 -> 8.284
C48: 157 | D48: ADESIVO ESTRUTURAL A BASE DE RESINA EPOXI PARA INJECAO EM TRINCAS,BICOMPONENTE, BAIXA VISCOSIDADE | E48: Kg | F48: 0.57 | G48: 157.16 | H48: =+G48*F48 -> 89.5812
C49: 4083 | D49: Encarregado | E49: hora | F49: 0.2 | G49: 53.85 | H49: =+G49*F49 -> 10.77
D50: Total | H50: =SUM(H45:H49) -> 127.41408
D51: Incidência | E51: % | F51: 100 | H51: =+H50*(F51/100) -> 127.41408
A53: 3.1 | B53: composição própria | C53: Próprio | D53: LIMPEZA FINAL DA OBRA | E53: M2
C54: cotação | D54: Ferramentas e equipamentos | E54: unid | F54: 0.1115 | G54: 65 | H54: =+G54*F54 -> 7.2475
C55: 6111 | D55: Servente | E55: hora | F55: 2.5 | G55: 16.28 | H55: =+G55*F55 -> 40.7
C56: 4083 | D56: Encarregado | E56: hora | F56: 0.1 | G56: 53.85 | H56: =+G56*F56 -> 5.385
C57: 38400 | D57: Vassoura | E57: unid | F57: 0.03 | G57: 22.41 | H57: =+G57*F57 -> 0.6723
C58: 37526 | D58: Saco rafia entenulho | E58: unid | F58: 0.25 | G58: 3.55 | H58: =+G58*F58 -> 0.8875
D59: Total | H59: =SUM(H54:H58) -> 54.8923
D60: Incidência período | E60: % | F60: 100 | H60: =+H59*(F60/100) -> 54.8923
A62: 3.2 | B62: composição própria | C62: Próprio | D62: DESMOBILIZAÇÃO | E62: VB
C63: cotação | D63: Chapa carregamento e descarregamento | E63: diária | F63: 2 | G63: 250 | H63: =+G63*F63 -> 500
C64: cotação | D64: Desolocamento caminhão toco - frete local | E64: Km | F64: 120 | G64: 18.95 | H64: =+G64*F64 -> 2274
C65: cotação | D65: Pedágios | E65: unid | F65: 3 | G65: 25 | H65: =+G65*F65 -> 75
C66: cotação | D66: Diária motorista (alimentação, repouso, lanche) | E66: diária | F66: 1 | G66: 150 | H66: =+G66*F66 -> 150
D67: Total | H67: =SUM(H63:H66) -> 2999
D68: Incidência | E68: % | F68: 100 | H68: =+H67*(F68/100) -> 2999
A70: =Orçamento!A62 -> Igrejinha, 29 de junho de 2024
E72: M2CR CONSTRUTORA E SERVIÇOS LTDA
E73: Responsavel técnico
E74: Rafael Pompermayer
E75: CREA 109.125
